 Dungeon Crawl Stone Soup version 0.17.0-24-gcfadda4 (webtiles) character file.

436 dorian the Firebug (level 7, -3/41 HPs)
             Began as an Octopode Fire Elementalist on Nov 16, 2015.
             Hit by a tomahawk thrown by an orc (4 damage)
             ... on level 5 of the Dungeon.
             The game lasted 00:09:22 (4536 turns).

dorian the Firebug (Octopode Fire Elementalist)     Turns: 4536, Time: 00:09:23

Health: -3/41      AC:  1    Str:  7    XL:     7   Next: 1%
Magic:  2/10       EV: 12    Int: 19    God:
Gold:   271        SH:  0    Dex: 13    Spells: 3 memorised, 3 levels left

rFire  . . .     SeeInvis .     (no weapon)
rCold  . . .     Clarity  .     (no shield)
rNeg   . . .     SustAt   .     (helmet restricted)
rPois  .         Gourm    .     (no amulet)
rElec  .         Spirit   .     (no ring)
rCorr  .         Warding  .     (no ring)
rMut   .         Stasis   .     (no ring)
MR     .....                    (no ring)
Stlth  +++.......               (no ring)
                                (no ring)
                                (no ring)
                                (no ring)

@: repel missiles, not resistant to hostile enchantments, fairly stealthy
A: almost no armour, amphibious, 8 rings, constrict 8, camouflage 1, gelatinous
body 1
a: no special abilities


You were on level 5 of the Dungeon.
You were not hungry.

You visited 1 branch of the dungeon, and saw 5 of its levels.

You collected 271 gold pieces.

Inventory:

Scrolls
 c - a scroll of fear {unknown}
 d - a scroll of noise {unknown}
 h - 10 scrolls of identify {unknown}
 i - 2 scrolls of teleportation {unknown}
 m - 2 scrolls of immolation {unknown}
 n - a scroll of remove curse {unknown}
 o - a scroll of fog {unknown}
 p - 2 scrolls of amnesia {unknown}
 q - a scroll of magic mapping {unknown}
 r - 2 scrolls of recharging {unknown}
Potions
 e - 3 potions of heal wounds
 f - a potion of mutation {unknown}
 j - a potion of degeneration {unknown}
 k - a potion of flight {unknown}
 l - a potion of invisibility {unknown}
 s - a potion of curing {unknown}
Books
 a - a book of Flames

   Spells                             Type                      Level
   a - Flame Tongue                   Conjuration/Fire             1
   b - Throw Flame                    Conjuration/Fire             2
   c - Conjure Flame                  Conjuration/Fire             3
   d - Inner Flame                    Hexes/Fire                   3
   e - Sticky Flame                   Conjuration/Fire             4
   f - Fireball                       Conjuration/Fire             5
 t - a book of Air

   Spells                             Type                      Level
   a - Shock                          Conjuration/Air              1
   b - Swiftness                      Charms/Air                   2
   c - Repel Missiles                 Charms/Air                   2
   d - Static Discharge               Conjuration/Air              3
   e - Lightning Bolt                 Conjuration/Air              5
Comestibles
 b - 4 bread rations
 g - 6 meat rations
 u - 3 chunks of flesh


   Skills:
 - Level 2.0 Dodging
 - Level 2.6 Stealth
 - Level 2.0 Spellcasting
 + Level 5.1 Conjurations
 + Level 5.6 Fire Magic


You had 3 spell levels left.
You knew the following spells:

 Your Spells              Type           Power        Failure   Level  Hunger
a - Flame Tongue          Conj/Fire      ###..        1%          1    #......
b - Sticky Flame          Conj/Fire      ###.....     21%         4    #####..
c - Repel Missiles        Chrm/Air       #.....       24%         2    ###....


Dungeon Overview and Level Annotations

Branches:
Dungeon (5/15)
 Temple: D:4-7

Altars:
Ashenzari
Makhleb
Okawaru
Yredelemnul
Zin
Beogh

Annotations:
D:4 PeterLawrence's ghost, amateur GrFi


Innate Abilities, Weirdness & Mutations

You cannot wear most types of armour.
You are amphibious.
You can wear up to eight rings at the same time.
You can use your tentacles to constrict eight enemies at once.
Your skin changes colour to match your surroundings (Stealth).
Your rubbery body absorbs attacks (AC +1).


Message History

Aiming: Flame Tongue
Press: ? - help, Shift-Dir - straight line, f - orc wizard
Aim: an orc wizard, wielding a dagger and wearing a robe The flame tongue hits the orc wizard.
The orc wizard is heavily wounded.
The orc wizard points at you and mumbles some strange words.
The puff of flame hits you!
* * * LOW HITPOINT WARNING * * *
Casting: Flame Tongue
Confirm with . or Enter, or press ? or * to list all spells.
Aiming: Flame Tongue
Press: ? - help, Shift-Dir - straight line, f/p - orc wizard
Aim: an orc wizard, wielding a dagger and wearing a robe (heavily wounded)
The flame tongue hits the orc wizard.
The orc wizard is almost dead.
The orc wizard casts a spell at you. The puff of flame hits you!
* * * LOW HITPOINT WARNING * * *
The orc throws a tomahawk.
The tomahawk hits you.
You die...

#.# #.# ##### ##.##
#...######### ....#
#.#.#.#.#.#.#
....###...........#
........#รท#.#.#.#.###
..................#.###.#
...)....#.#.#.#.#.#.#....
##.#............@..........
#.#....#.#.#.#.#.#.#......
#.#..............#.# ....
##.#....#.#.#.#.#...# #..#
>..............##.#o# #..#
.#.#.####..###.##.#o# #..#
.#.#.. #..# #.##o#.###..#
.#.##. #...........o...)# #
# .#.##.#
#..###.##.#.o.o.## .#.#


You could see an orc wizard and 2 orcs.

Vanquished Creatures
  An ogre (D:5)
  2 orc wizards
  2 orc priests
  A worker ant (D:5)
  2 hound skeletons
  8 adders
  An adder skeleton (D:5)
  3 worms
  8 orcs
  7 bats
  6 hobgoblins
  5 jackals (D:3)
  3 quokkas
  2 ball pythons
  10 giant cockroaches
  5 giant geckos
  5 giant newts
  2 gnoll zombies (D:2)
  4 goblins
  8 kobolds
  8 rats
93 creatures vanquished.

Notes
Turn   | Place    | Note
--------------------------------------------------------------
     0 | D:1      | dorian the Octopode Fire Elementalist began the quest for the Orb.
     0 | D:1      | Reached XP level 1. HP: 11/11 MP: 3/3
   375 | D:1      | Reached XP level 2. HP: 17/17 MP: 3/5
   418 | D:1      | Found a shattered altar of Ashenzari.
  1315 | D:2      | Reached XP level 3. HP: 21/21 MP: 1/6
  1712 | D:2      | Reached XP level 4. HP: 23/27 MP: 2/7
  2197 | D:2      | Found a basalt altar of Yredelemnul.
  2413 | D:3      | Reached skill level 4 in Fire Magic
  2557 | D:3      | Found a burning altar of Makhleb.
  2916 | D:3      | Found a glowing silver altar of Zin.
  3009 | D:3      | Reached XP level 5. HP: 31/31 MP: 5/8
  3303 | D:3      | Found a roughly hewn altar of Beogh.
  3435 | D:4      | Noticed PeterLawrence's ghost (amateur GrFi)
  3631 | D:4      | Learned a level 4 spell: Sticky Flame
  3669 | D:4      | Reached XP level 6. HP: 17/36 MP: 3/9
  3959 | D:4      | Reached skill level 5 in Fire Magic
  4161 | D:5      | Entered Level 5 of the Dungeon
  4287 | D:5      | Reached skill level 5 in Conjurations
  4386 | D:5      | Learned a level 2 spell: Repel Missiles
  4511 | D:5      | Found an iron altar of Okawaru.
  4520 | D:5      | Reached XP level 7. HP: 21/41 MP: 2/10
  4536 | D:5      | HP: 1/41 [orc wizard/puff of flame (11)]
  4536 | D:5      | Hit by a tomahawk thrown by an orc

Action                   |  1- 3 |  4- 6 |  7- 9 || total
-------------------------+-------+-------+-------++-------
Melee: Unarmed           |    31 |    18 |       ||    49
 Cast: Flame Tongue      |    46 |   124 |     3 ||   173
       Repel Missiles    |       |     1 |       ||     1
  Use: Potion            |       |     1 |       ||     1
 Stab: Sleeping          |     6 |       |       ||     6
  Eat: Chunk             |     3 |     8 |       ||    11
       Royal jelly       |       |     1 |       ||     1
